 Dungeon Crawl Stone Soup version 0.17-b1-18-g553e9fc (webtiles) character file.

9471 Galdon the Immaculate (level 11, -8/68 HPs)
             Began as a Gargoyle Fighter on Nov 4, 2015.
             Was a High Priest of Zin.
             Mangled by ReteAZ's ghost (12 damage)
             ... on level 10 of the Dungeon.
             The game lasted 01:22:26 (11825 turns).

Galdon the Immaculate (Gargoyle Fighter)           Turns: 11825, Time: 01:22:26

Health: -8/68      AC: 19    Str: 19    XL:     11   Next: 47%
Magic:  26/26      EV:  9    Int: 11    God:    Zin [*****.]
Gold:   506        SH: 12    Dex: 11    Spells: 0 memorised, 10 levels left

rFire  . . .     SeeInvis +     a - +3 mace (crush)
rCold  + . .     Clarity  .     j - +1 scale mail {rC+}
rNeg   + + .     SustAt   .     c - +2 shield
rPois  ∞         Gourm    .     (no helmet)
rElec  +         Spirit   .     (no cloak)
rCorr  .         Warding  +     u - +2 pair of gloves
rMut   .         Stasis   .     (no boots)
MR     .....                    R - amulet of warding
Stlth  ..........               P - ring of magical power
                                s - ring of see invisible

@: short of breath, very slightly contaminated, hasted, drained, very quick, not
resistant to hostile enchantments, extremely unstealthy
A: negative energy resistance 1, electricity resistance, unbreathing,
petrification resistance, rot immunity, AC +7
a: Recite, Vitalisation, Imprison, Sanctuary, Donate Gold, Renounce Religion


You were on level 10 of the Dungeon.
You worshipped Zin.
Zin was extremely pleased with you.
You were not hungry.

You visited 2 branches of the dungeon, and saw 11 of its levels.
You also visited: Ossuary.

You collected 714 gold pieces.
You donated 208 gold pieces to Zin.

Inventory:

Hand Weapons
 a - a +3 mace of crushing (weapon)
 b - a +0 hunting sling
 d - a +0 flail
 A - a +0 whip of flaming
 O - a +2 flail of protection
Missiles
 n - 199 stones (quivered)
 w - 47 sling bullets
 z - 17 poisoned sling bullets
Armour
 c - a +2 shield (worn)
 j - a +1 scale mail of cold resistance (worn)
 u - a +2 pair of gloves (worn)
 B - a +2 robe of the Archmagi
 S - a cursed -2 leather armour
Jewellery
 s - a ring of see invisible (left hand)
 P - a ring of magical power (right hand)
 R - an amulet of warding (around neck)
 T - an uncursed ring of fire
Wands
 k - a wand of frost (36)
 J - a wand of flame (18)
Scrolls
 g - 2 scrolls of amnesia
 h - 2 scrolls of fog
 i - 5 scrolls of identify
 l - 2 scrolls of immolation {unknown}
 o - 5 scrolls of remove curse
 q - 3 scrolls of recharging
 r - a scroll of noise {unknown}
 t - a scroll of fear {unknown}
 y - a scroll of brand weapon {unknown}
 H - a scroll of magic mapping {unknown}
 Q - a scroll of acquirement {unknown}
Potions
 v - a potion of agility {unknown}
 x - a potion of mutation {unknown}
 C - a potion of invisibility {unknown}
 D - a potion of poison {unknown}
 E - a potion of cure mutation {unknown}
 G - a potion of magic {unknown}
 I - a potion of flight {unknown}
 K - a potion of ambrosia {unknown}
 L - a potion of haste
 N - a potion of brilliance {unknown}
 V - a potion of cancellation {unknown}
Comestibles
 e - 15 bread rations
 f - 10 beef jerkies
 p - 6 meat rations


   Skills:
 * Level 7.9(7.0) Fighting
 * Level 7.5(6.6) Maces & Flails
 + Level 3.9(3.1) Slings
 + Level 6.9(6.1) Armour
 + Level 3.7(2.9) Dodging
 + Level 6.7(5.8) Shields
 * Level 9.1(8.2) Invocations
 * Level 6.0(5.1) Evocations


You had 10 spell levels left.
You didn't know any spells.

Dungeon Overview and Level Annotations

Branches:
Dungeon (10/15)            Temple (1/1) D:5
   Lair: D:8-11         Orc: D:9-12

Altars:
Ashenzari
Cheibriados
Dithmenos
Elyvilon
Fedhas
Gozag
Kikubaaqudgha
Makhleb
Nemelex Xobeh
Okawaru
Qazlal
Ru
Sif Muna
Trog
Vehumet
Xom
Yredelemnul
Zin
The Shining One

Shops:
D:5 [%%(:   D:8 ?

Annotations:
D:10 ReteAZ's ghost, novice DrMo


Innate Abilities, Weirdness & Mutations

You are resistant to torment.
Your stone body is resilient (AC +7).
You are immune to poison.
You resist negative energy.
You are resistant to electric shocks.
You can survive without breathing.
You are immune to petrification.
You are immune to rotting.


Message History

* * * LOW HITPOINT WARNING * * *
Drink which item? (? for menu, Esc to quit)
You feel better.
ReteAZ's ghost says, "You will join me soon!"
ReteAZ's ghost hits you.
* * * LOW HITPOINT WARNING * * *
Drink which item? (? for menu, Esc to quit)
You feel yourself speed up. ReteAZ's ghost hits you!
* * * LOW HITPOINT WARNING * * *
You are very lightly contaminated with residual magic.
Drink which item? (? for menu, Esc to quit)
You feel better.
You hit ReteAZ's ghost but do no damage.
ReteAZ's ghost is almost destroyed.
ReteAZ's ghost hits you!
* * * LOW HITPOINT WARNING * * *
Your shield and scale mail prevent you from hitting ReteAZ's ghost.
ReteAZ's ghost is almost destroyed.
ReteAZ's ghost hits you!
You die...

#.# #.# #.# #.# #
####.##########
##.####.........†...[
#..........##########
##.#..##...####
......W@...#
#####.##..## # #..#
#..#
#..##############
#...............)
#.############### #.#
#.#


You could see ReteAZ's ghost.

Vanquished Creatures
  Harold (D:10)
  A hill giant (D:10)
  An unseen horror (D:10)
  Pikel (D:7)
  A troll (D:10)
  Sigmund (D:3)
  Eustachio (D:4)
  The ghost of Ohli the Skirmisher, an amateur DsFi (D:4)
  Menkaure (D:7)
  12 yaks
  A water moccasin (D:9)
  An orc warrior (D:6)
  2 phantoms
  2 black bears
  An eye of draining (D:9)
  2 sky beasts
  9 ogres
  5 ice beasts
  6 centaurs
  6 giant frogs
  4 water moccasin zombies (Ossuary)
  2 scorpions
  9 killer bees (D:10)
  2 giant frog zombies
  3 crimson imps
  A centaur skeleton (D:6)
  3 centaur zombies
  2 quasits
  3 hounds
  3 giant frog skeletons
  An orc priest (D:3)
  6 orc wizards
  4 iguanas
  6 worker ants
  A hound skeleton (D:6)
  2 mummies (Ossuary)
  A worker ant zombie (D:9)
  9 adders
  7 gnolls
  3 shadow imps
  2 oozes
  An adder skeleton (D:9)
  4 adder zombies (Ossuary)
  33 orcs
  3 giant cockroaches
  3 gnoll zombies (Ossuary)
  9 hobgoblins
  7 jackals
  2 quokkas
  A ball python (D:1)
  6 bats
  2 giant geckos (D:1)
  4 giant newts (D:2)
  10 goblins
  4 hobgoblin zombies (Ossuary)
  A jackal skeleton (D:4)
  6 kobolds
  3 kobold zombies (Ossuary)
  3 orc zombies (Ossuary)
  A quokka skeleton (D:5)
  6 rats
  A plant (D:5)
240 creatures vanquished.

Vanquished Creatures (others)
  A quokka (D:5)
1 creature vanquished.

Grand Total: 241 creatures vanquished

Notes
Turn   | Place    | Note
--------------------------------------------------------------
     0 | D:1      | Galdon the Gargoyle Fighter began the quest for the Orb.
     0 | D:1      | Reached XP level 1. HP: 14/14 MP: 1/1
   135 | D:1      | Reached XP level 2. HP: 19/19 MP: 2/2
   670 | D:2      | Reached XP level 3. HP: 23/23 MP: 3/3
   698 | D:2      | Found a snail-covered altar of Cheibriados.
   892 | D:2      | Reached skill level 4 in Armour
  1038 | D:2      | Found an ancient bone altar of Kikubaaqudgha.
  1041 | D:2      | Found a burning altar of Makhleb.
  1044 | D:2      | Found an opulent altar of Gozag.
  1186 | D:2      | Reached XP level 4. HP: 26/29 MP: 4/4
  1522 | D:3      | Noticed Sigmund
  1567 | D:3      | Killed Sigmund
  1567 | D:3      | Reached skill level 1 in Slings
  1567 | D:3      | Reached skill level 1 in Evocations
  1567 | D:3      | Reached XP level 5. HP: 23/33 MP: 4/6
  1567 | D:3      | Reached XP level 6. HP: 26/38 MP: 4/7
  2689 | D:4      | Noticed Eustachio
  2713 | D:4      | Killed Eustachio
  2713 | D:4      | Reached skill level 1 in Dodging
  2713 | D:4      | Reached XP level 7. HP: 28/44 MP: 8/8
  2753 | D:4      | Noticed Ohli's ghost (amateur DsFi)
  3204 | D:4      | Killed Ohli's ghost
  3569 | D:4      | Reached skill level 5 in Fighting
  3592 | D:5      | Entered Level 5 of the Dungeon
  3622 | D:5      | Found Ellae's Food Shop.
  3625 | D:5      | Found Ymaa's Food Boutique.
  3679 | D:5      | Reached XP level 8. HP: 24/49 MP: 8/10
  3927 | D:5      | Found a staircase to the Ecumenical Temple.
  3936 | Temple   | Entered the Ecumenical Temple
  4041 | Temple   | Became a worshipper of Zin the Law-Giver
  4041 | Temple   | Reached * piety under Zin
  4042 | Temple   | Donated 137 gold pieces to Zin
  4127 | D:5      | Reached ** piety under Zin
  4163 | D:5      | Found Goeko's Book Shoppe.
  4677 | D:5      | Found Azymn's Antique Weapon Shoppe.
  4731 | D:5      | Found Aggipsegg's Antique Armour Shop.
  4940 | D:5      | Reached skill level 5 in Shields
  4969 | D:5      | Reached skill level 5 in Armour
  4969 | D:5      | Reached skill level 1 in Invocations
  5145 | D:6      | Reached skill level 5 in Maces & Flails
  5284 | D:6      | Reached *** piety under Zin
  5326 | D:6      | Found a sacrificial altar of Ru.
  5584 | D:6      | Reached XP level 9. HP: 55/55 MP: 11/11
  6353 | D:7      | Found a white marble altar of Elyvilon.
  6717 | D:7      | Noticed Menkaure
  6723 | D:7      | Killed Menkaure
  6723 | D:7      | Reached skill level 6 in Fighting
  6786 | D:7      | Noticed Pikel
  6789 | D:7      | Found a glowing golden altar of the Shining One.
  6824 | D:7      | Killed Pikel
  6824 | D:7      | Reached skill level 5 in Invocations
  6915 | D:7      | Found a basalt altar of Yredelemnul.
  7659 | D:8      | Reached **** piety under Zin
  7691 | D:8      | Reached XP level 10. HP: 59/61 MP: 14/14
  7893 | D:8      | Found a sand-covered staircase.
  7899 | Ossuary  | Entered an ossuary
  8241 | Ossuary  | Reached ***** piety under Zin
  8267 | D:8      | Found Wufytiecw's Magic Scroll Shoppe.
  9349 | D:9      | Reached skill level 7 in Invocations
  9424 | D:9      | Reached skill level 5 in Evocations
 10423 | D:9      | Reached skill level 8 in Invocations
 10506 | D:10     | Entered Level 10 of the Dungeon
 10523 | D:10     | Found a shimmering altar of Xom.
 10568 | D:10     | Noticed an unseen horror
 10597 | D:10     | Killed an unseen horror
 10597 | D:10     | Reached XP level 11. HP: 67/67 MP: 17/17
 11117 | D:10     | Noticed a hill giant
 11137 | D:10     | Killed a hill giant
 11181 | D:10     | Noticed ReteAZ's ghost (novice DrMo)
 11206 | D:10     | Noticed Harold
 11394 | D:10     | Reached skill level 9 in Invocations
 11596 | D:10     | Killed Harold
 11822 | D:10     | HP: 2/68 [ReteAZ's ghost (13)]
 11825 | D:10     | Mangled by ReteAZ's ghost

Action                   |  1- 3 |  4- 6 |  7- 9 | 10-12 || total
-------------------------+-------+-------+-------+-------++-------
Melee: Flail             |   132 |   123 |    85 |       ||   340
       Mace              |       |       |   483 |   624 ||  1107
 Fire: Hunting sling     |    13 |    55 |    78 |    55 ||   201
Throw: Stone             |       |     6 |    30 |    13 ||    49
Invok: Recite            |       |       |    23 |    39 ||    62
       Donate Gold       |       |       |     1 |       ||     1
Evoke: Wand              |       |       |       |     2 ||     2
  Use: Scroll            |     2 |     1 |     5 |    11 ||    19
       Potion            |       |     3 |       |     7 ||    10
 Stab: Confused          |       |       |     1 |     5 ||     6
       Invisible         |       |       |       |     1 ||     1
  Eat: Chunk             |     1 |     5 |     8 |    10 ||    24
       Beef jerky        |       |       |     1 |       ||     1
       Pizza             |       |       |     1 |     2 ||     3
       Meat ration       |       |       |     1 |       ||     1
       Fruit             |       |       |     1 |     2 ||     3
